 Dungeon Crawl Stone Soup version 0.24.0-37-gcf1ca852f1 (webtiles) character file.

Game seed: 9027008456474108016, levelgen mode: deterministic

187 FishyPogo the Magician (level 5, 0/37 HPs)
             Began as a Gnoll Wizard on Dec 1, 2019.
             Was an Initiate of Okawaru.
             Slain by an adder (3 damage)
             ... on level 3 of the Dungeon.
             The game lasted 00:10:06 (2496 turns).

FishyPogo the Magician (Gnoll Wizard)               Turns: 2496, Time: 00:10:07

Health: 0/37       AC:  2    Str:  9    XL:     5   Next: 66%
Magic:  3/14       EV: 14    Int: 21    God:    Okawaru [......]
Gold:   158        SH:  0    Dex: 14    Spells: 7/18 levels left

rFire    . . .     SeeInvis +   e - +0 club
rCold    . . .     Gourm    .   (no shield)
rNeg     . . .     Faith    .   a - +0 robe
rPois    .         Spirit   .   b - +0 hat
rElec    .         Reflect  .   (no cloak)
rCorr    .         Harm     .   (no gloves)
MR       .....                  (no boots)
Stlth    +++.......             p - amulet of the acrobat (curse)
HPRegen  0.12/turn              h - ring of see invisible
MPRegen  0.14/turn              (no ring)

@: lethally poisoned (0 -> -3)
A: distributed training, fangs 1, strong nose
a: Renounce Religion


You were on level 3 of the Dungeon.
You worshipped Okawaru.
Okawaru was noncommittal.
You were not hungry.

You visited 1 branch of the dungeon, and saw 4 of its levels.

You collected 158 gold pieces.

Inventory:

Hand Weapons
 e - a +0 club (weapon)
 r - a +4 dagger
Missiles
 c - 130 stones (quivered)
 l - 15 poisoned darts
Armour
 a - a +0 robe (worn)
 b - a +0 hat (worn)
Jewellery
 h - a ring of see invisible (left hand)
 p - a cursed amulet of the acrobat (around neck)
 q - an uncursed amulet of guardian spirit
Scrolls
 g - a scroll of immolation {unknown}
 n - 2 scrolls of remove curse {unknown}
 s - a scroll of identify {unknown}
 t - a scroll of enchant armour {unknown}
 v - a scroll of enchant weapon {unknown}
Potions
 f - a potion of resistance {unknown}
 i - 3 potions of curing {unknown}
 j - a potion of heal wounds {unknown}
 k - a potion of lignification {unknown}
 m - a potion of invisibility {unknown}
 o - a potion of flight {unknown}
 w - a potion of brilliance {unknown}
Comestibles
 d - 8 rations
 u - 4 chunks of flesh


   Skills:
 + Level 1.5 Fighting
 + Level 1.5 Short Blades
 + Level 1.5 Long Blades
 + Level 1.5 Axes
 + Level 1.5 Maces & Flails
 + Level 1.5 Polearms
 + Level 1.5 Staves
 + Level 1.5 Slings
 + Level 1.5 Bows
 + Level 1.5 Crossbows
 + Level 1.5 Throwing
 + Level 1.5 Armour
 + Level 4.8 Dodging
 + Level 4.4 Stealth
 + Level 1.5 Shields
 + Level 1.5 Unarmed Combat
 + Level 7.3 Spellcasting
 + Level 2.4 Conjurations
 + Level 1.2 Hexes
 + Level 1.2 Charms
 + Level 2.4 Summonings
 + Level 1.2 Necromancy
 + Level 2.4 Translocations
 + Level 1.2 Transmutations
 + Level 1.2 Fire Magic
 + Level 1.2 Ice Magic
 + Level 1.2 Air Magic
 + Level 1.2 Earth Magic
 + Level 1.2 Poison Magic
 + Level 1.7 Invocations
 + Level 1.5 Evocations


You had 7 spell levels left.
You knew the following spells:

 Your Spells              Type           Power        Failure   Level  Hunger
a - Magic Dart            Conj           ###.         3%          1    None
c - Mephitic Cloud        Conj/Pois/Air  ##......     13%         3    None
j - Conjure Flame         Conj/Fire      ###.....     12%         3    None
m - Blink                 Tloc           N/A          4%          2    None
p - Call Imp              Summ           ###.....     4%          2    None

Your spell library contained the following spells:

 Spells                   Type           Power        Failure   Level  Hunger
 Slow                     Hex            ##......     8%          2    None


Dungeon Overview and Level Annotations

Branches:
Dungeon (4/15)
 Temple: D:4-7

Altars:
Gozag
Hepliaklqana
Nemelex Xobeh
Okawaru

Annotations:
D:3 Robin


Innate Abilities, Weirdness & Mutations

Your experience applies equally to all skills.
You have very sharp teeth.
Your uncanny sense of smell can sniff out nearby items.


Message History

You feel sick.
You feel sick.
You feel sick.
You feel sick.
You feel sick.
Your magical contamination has completely faded away.
Unknown command.
You feel sick.
You closely miss the adder.
The adder is moderately wounded.
The adder barely misses you.
You hit the adder.
The adder is moderately wounded.
The adder misses you. The adder barely misses you.
You miss the adder.
The adder is moderately wounded.
You feel sick. The adder bites you.
* * * LOW HITPOINT WARNING * * *
The adder bites you.
You die...

≈..♣#≈# #######.#.# #.#.# ≈#♣..≈#
......#.#.# #.#.# ≈#§##≈#
........#.# #.#.###### ≈≈..≈≈#
........#.####.#......### ##''###
.......##.##............. .#...#
.......<#.##.##.......##
.#.#..........#...##.##.......##.
.#.#################.###>.[......
...............S@....###......##.
....#####.....######..........#
...................'.............
....#####.....######....#########
....# #.....# ###### ..^.#
#.....# ....# ####### ....# ....#


You could see an adder.

Vanquished Creatures
  2 hounds
  A centaur skeleton (D:4)
  3 adders
  An ooze (D:3)
  A worm (D:2)
  3 leopard geckos (D:1)
  4 orcs
  6 bats
  3 giant cockroaches
  11 goblins
  6 hobgoblins
  A quokka (D:2)
  5 frilled lizards
  5 kobolds
  4 rats
56 creatures vanquished.

Notes
Turn   | Place    | Note
-------+----------+-------------------------------------------
     0 | D:1      | FishyPogo the Gnoll Wizard began the quest for the Orb.
     0 | D:1      | Reached XP level 1. HP: 13/13 MP: 8/8
   123 | D:1      | Reached XP level 2. HP: 19/19 MP: 3/10
   715 | D:2      | Reached XP level 3. HP: 25/25 MP: 8/11
   770 | D:2      | Learned a level 2 spell: Blink
   774 | D:2      | Learned a level 3 spell: Conjure Flame
   778 | D:2      | Learned a level 3 spell: Mephitic Cloud
   860 | D:4      | Reached skill level 1 in Fighting
   860 | D:4      | Reached skill level 1 in Short Blades
   860 | D:4      | Reached skill level 1 in Long Blades
   860 | D:4      | Reached skill level 1 in Axes
   860 | D:4      | Reached skill level 1 in Maces & Flails
   860 | D:4      | Reached skill level 1 in Polearms
   860 | D:4      | Reached skill level 1 in Staves
   860 | D:4      | Reached skill level 1 in Slings
   860 | D:4      | Reached skill level 1 in Bows
   860 | D:4      | Reached skill level 1 in Crossbows
   860 | D:4      | Reached skill level 1 in Throwing
   860 | D:4      | Reached skill level 1 in Armour
   860 | D:4      | Reached skill level 1 in Shields
   860 | D:4      | Reached skill level 1 in Unarmed Combat
   860 | D:4      | Reached skill level 1 in Invocations
   860 | D:4      | Reached skill level 1 in Evocations
   860 | D:4      | Reached XP level 4. HP: 12/32 MP: 5/13
  1368 | D:4      | Reached skill level 1 in Hexes
  1368 | D:4      | Reached skill level 1 in Charms
  1368 | D:4      | Reached skill level 1 in Necromancy
  1368 | D:4      | Reached skill level 1 in Transmutations
  1368 | D:4      | Reached skill level 1 in Fire Magic
  1368 | D:4      | Reached skill level 1 in Ice Magic
  1368 | D:4      | Reached skill level 1 in Air Magic
  1368 | D:4      | Reached skill level 1 in Earth Magic
  1368 | D:4      | Reached skill level 1 in Poison Magic
  1513 | D:2      | Reached XP level 5. HP: 27/37 MP: 4/14
  1620 | D:2      | Found an opulent altar of Gozag.
  1622 | D:2      | Found an iron altar of Okawaru.
  1622 | D:2      | Found a hazy altar of Hepliaklqana.
  1627 | D:2      | Became a worshipper of Warmaster Okawaru
  1644 | D:2      | Learned a level 2 spell: Call Imp
  2091 | D:2      | Found a sparkling altar of Nemelex Xobeh.
  2462 | D:3      | Noticed Robin
  2496 | D:3      | Slain by an adder

Levels and vault maps discovered:
D:1:      lightli_arrival_quake, layout_basic
D:2:      layout_basic, lemuel_round_altar, gammafunk_temple_overflow_forgotten
D:3:      layout_basic, first_ration, kennysheep_generic_room_12, uniq_robin
D:4:      layout_loops_ring, old_standard_altar, tgw_xom

Skill      XL: |  1  2  3  4 |
---------------+-------------+-----
Conjurations   | 2 |  2.4
Summonings     | 2 |  2.4
Translocations | 2 |  2.4
Fighting       | 1 |  1.5
Short Blades   | 1 |  1.5
Long Blades    | 1 |  1.5
Axes           | 1 |  1.5
Maces & Flails | 1 |  1.5
Polearms       | 1 |  1.5
Staves         | 1 |  1.5
Slings         | 1 |  1.5
Bows           | 1 |  1.5
Crossbows      | 1 |  1.5
Throwing       | 1 |  1.5
Armour         | 1 |  1.5
Shields        | 1 |  1.5
Unarmed Combat | 1 |  1.5
Invocations    | 1 |  1.7
Evocations     | 1 |  1.5
Hexes          | 1 |  1.2
Charms         | 1 |  1.2
Necromancy     | 1 |  1.2
Transmutations | 1 |  1.2
Fire Magic     | 1 |  1.2
Ice Magic      | 1 |  1.2
Air Magic      | 1 |  1.2
Earth Magic    | 1 |  1.2
Poison Magic   | 1 |  1.2
Dodging        | |  4.8
Stealth        | |  4.4
Spellcasting   | |  7.3

Action                   |  1- 3 |  4- 6 || total
-------------------------+-------+-------++-------
Melee: Unarmed           |     6 |       ||     6
       Club              |    24 |    97 ||   121
       Bite              |     1 |     8 ||     9
 Cast: Magic Dart        |    53 |    44 ||    97
       Mephitic Cloud    |       |     4 ||     4
       Blink             |       |     3 ||     3
       Conjure Flame     |       |     1 ||     1
       Call Imp          |       |    14 ||    14
 Stab: Confused          |       |     4 ||     4
       Sleeping          |       |     1 ||     1
  Eat: Chunk             |       |     5 ||     5
Armor: Robe              |     2 |    11 ||    13
Dodge: Dodged            |    35 |    78 ||   113
